AoeStats
← Milo Thatch

Migration

509799922Analyzed
1v1 RM · 5d ago on Sep 28, 2026· 46m 56s· 2 players
Game mode
Random Map
Map size
132×132
Population
200
Speed
Normal
Resources
Standard
Victory
Conquest
Starting age
Dark Age
Ending age
Imperial Age
RankedLock teamsTeams togetherTeam positionsShared explorationLock speedFull tech treeHidden civsTurbo modeCheats
Victory
Defeat
🇲🇽 Chinese · Mexico
907
+14
🇺🇸 Mongols · United States
856
-36
Milo Thatch
7:18 Loom
12:36 Feudal Age
13:07 Horse Collar
17:56 Double-Bit Axe
22:39 Castle Age
21:08 Gold Mining
21:16 Fletching
21:26 Padded Archer Armor
23:45 Bodkin Arrow
23:59 Thumb Ring
24:33 Crossbowman
25:53 Leather Archer Armor
37:23 Imperial Age
37:40 Ballistics
38:35 Bracer
39:28 Arbalester
41:18 Heavy Scorpion
42:48 Elite Mangudai
ZikaRZ
0:27 Loom
11:48 Feudal Age
19:47 Fishing Lines
20:43 Double-Bit Axe
23:49 Castle Age
24:55 Town Watch
25:47 Medium Warships
25:30 Crossbowman
28:42 Clinker Construction
28:36 Town Patrol
31:11 Careening
32:30 Fletching
40:02 Imperial Age
41:50 Chemistry
41:11 Ballistics
43:08 Siphons
43:24 Dry Dock
45:19 Heavy Warships
Connection lost

Rejoining the realm…

Still unreachable

The connection could not be restored.

Session expired

The server has moved on; the page needs a fresh start.